BSA
NEW YORK KNIGHTS @ ORLANDO CALRISSIAN
07/29/2026
 
TOP OF THE 1ST
New York Knights batting - Pitching for Orlando Calrissian : RHP Reagan Wear
Pitching: RHP Reagan Wear
Batting: RHB José Aguilera 0-0: Ball
1-0: Ball
2-0: Foul Ball, location: 2F
2-1: Foul Ball, location: 2F
2-2: Foul Ball, location: 2F
2-2: Strikes out looking
Batting: RHB Pepe Carrasco 0-0: Called Strike
0-1: Ball
1-1: Foul Ball, location: 2F
1-2: Strikes out looking
Batting: LHB Troy Donaldson 0-0: Ball
1-0: Called Strike
1-1: Called Strike
1-2: Fly out, F6 (Line Drive, 6)
Top of the 1st over - 0 run(s), 0 hit(s), 0 error(s), 0 left on base; New York 0 - Orlando 0
BOTTOM OF THE 1ST
Orlando Calrissian batting - Pitching for New York Knights : RHP Dale Reese
Pitching: RHP Dale Reese
Batting: LHB Danny Allen 0-0: Ball
1-0: Ball
2-0: Called Strike
2-1: SINGLE (Line Drive, 9S)
Batting: SHB Tim Abbott 0-0: Ball
1-0: TRIPLE (Flyball, 7LD)
Danny Allen scores
Batting: LHB Santiago Márquez 0-0: Ball
1-0: Ball
2-0: Swinging Strike
2-1: DOUBLE (Line Drive, 7LM)
Tim Abbott scores
Batting: RHB Rich Anderson 0-0: Ball
1-0: Called Strike
1-1: Ball
2-1: Ball
3-1: Fly out, F7 (Flyball, 7LM)
Batting: LHB Juan Colón 0-0: Called Strike
0-1: Ball
1-1: Swinging Strike
1-2: Strikes out swinging
Batting: RHB Kenny Cole 0-0: Foul Ball, location: 2F
0-1: Foul Ball, location: 2F
0-2: Foul Ball, location: 2F
0-2: Ball
1-2: SINGLE (Line Drive, 4MD)
Santiago Márquez to third
Runner from 3rd tries for Home, throw and OUT!
Bottom of the 1st over - 2 run(s), 4 hit(s), 0 error(s), 1 left on base; New York 0 - Orlando 2
TOP OF THE 2ND
New York Knights batting - Pitching for Orlando Calrissian : RHP Reagan Wear
Batting: SHB Marvin Harris 0-0: Called Strike
0-1: Foul Ball, location: 2F
0-2: Ground out 5-3 (Groundball, 56)
Batting: LHB Tom Waller 0-0: Ball
1-0: Foul Ball, location: 2F
1-1: Ground out 4-3 (Groundball, 4)
Batting: RHB Sixto Vélez 0-0: Foul Ball, location: 2F
0-1: SINGLE (Groundball, 34D)
Batting: LHB Arthur Hall 0-0: Ball
1-0: Ball
2-0: Fielders Choice at 2nd, U4 (Groundball, 4M)
Top of the 2nd over - 0 run(s), 1 hit(s), 0 error(s), 1 left on base; New York 0 - Orlando 2
BOTTOM OF THE 2ND
Orlando Calrissian batting - Pitching for New York Knights : RHP Dale Reese
Batting: RHB Frederico Hernández 0-0: Ball
1-0: Ball
2-0: Ball
3-0: Called Strike
3-1: Foul Ball, location: 2F
3-2: Foul Ball, location: 2F
3-2: SINGLE (Line Drive, 6MD)
Batting: RHB Robby Lewis 0-0: Fielders Choice at 2nd, 6-4 (Groundball, 6)
Batting: RHB Enrique Bermúdez 0-0: Foul Ball, location: 2F
0-1: Ball
1-1: Grounds into double play, 1-6-3 (Groundball, 15S)
Bottom of the 2nd over - 0 run(s), 1 hit(s), 0 error(s), 0 left on base; New York 0 - Orlando 2
TOP OF THE 3RD
New York Knights batting - Pitching for Orlando Calrissian : RHP Reagan Wear
Batting: RHB Lonnie Anderson 0-0: Called Strike
0-1: Ground out 1-3 (Groundball, 23)
Batting: RHB Yasuhiko Sumita 0-0: Foul Ball, location: 2F
0-1: Ball
1-1: DOUBLE (Flyball, 89XD)
Batting: RHB José Aguilera 0-0: Ball
1-0: Swinging Strike
1-1: DOUBLE (Line Drive, 8RXD)
Yasuhiko Sumita scores
Batting: RHB Pepe Carrasco 0-0: Called Strike
0-1: Swinging Strike
0-2: Ground out 5-3 (Groundball, 5)
Batting: LHB Troy Donaldson 0-0: Foul Ball, location: 2F
0-1: Called Strike
0-2: Strikes out swinging
Top of the 3rd over - 1 run(s), 2 hit(s), 0 error(s), 1 left on base; New York 1 - Orlando 2
BOTTOM OF THE 3RD
Orlando Calrissian batting - Pitching for New York Knights : RHP Dale Reese
Batting: LHB Danny Allen 0-0: Ball
1-0: Fly out, F8 (Flyball, 8LXD)
Batting: SHB Tim Abbott 0-0: Foul Ball, location: 2F
0-1: Foul Ball, location: 2F
0-2: SINGLE (Groundball, 34D)
Batting: LHB Santiago Márquez 0-0: Ground out 2-3 (Groundball, 23)
Tim Abbott to second
Batting: RHB Rich Anderson 0-0: Ball
1-0: SINGLE (Line Drive, 8LS)
Tim Abbott to third
Batting: LHB Juan Colón 0-0: Called Strike
0-1: Fly out, F8 (Line Drive, 8LM)
Bottom of the 3rd over - 0 run(s), 2 hit(s), 0 error(s), 2 left on base; New York 1 - Orlando 2
TOP OF THE 4TH
New York Knights batting - Pitching for Orlando Calrissian : RHP Reagan Wear
Batting: SHB Marvin Harris 0-0: Called Strike
0-1: Foul Ball, location: 2F
0-2: Ball
1-2: Foul Ball, location: 2F
1-2: Strikes out looking
Batting: LHB Tom Waller 0-0: Ball
1-0: Ball
2-0: Called Strike
2-1: Foul Ball, location: 2F
2-2: Strikes out looking
Batting: RHB Sixto Vélez 0-0: Ball
1-0: SOLO HOME RUN (Flyball, 89D), Distance : 393 ft
Batting: LHB Arthur Hall 0-0: Ball
1-0: Called Strike
1-1: SINGLE (Groundball, 56D)
Batting: RHB Lonnie Anderson 0-0: Ball
1-0: Ball
2-0: Ground out 5-3 (Groundball, 5L)
Top of the 4th over - 1 run(s), 2 hit(s), 0 error(s), 1 left on base; New York 2 - Orlando 2
BOTTOM OF THE 4TH
Orlando Calrissian batting - Pitching for New York Knights : RHP Dale Reese
Batting: RHB Kenny Cole 0-0: Foul Ball, location: 2F
0-1: Ball
1-1: Swinging Strike
1-2: Foul Ball, location: 2F
1-2: Ball
2-2: Ball
3-2: Strikes out swinging
Batting: RHB Frederico Hernández 0-0: Foul Ball, location: 2F
0-1: Ball
1-1: Foul Ball, location: 2F
1-2: Ball
2-2: Strikes out swinging
Batting: RHB Robby Lewis 0-0: Called Strike
0-1: Swinging Strike
0-2: Strikes out looking
Bottom of the 4th over - 0 run(s), 0 hit(s), 0 error(s), 0 left on base; New York 2 - Orlando 2
TOP OF THE 5TH
New York Knights batting - Pitching for Orlando Calrissian : RHP Reagan Wear
Batting: RHB Yasuhiko Sumita 0-0: Foul Ball, location: 2F
0-1: Ball
1-1: Ground out 4-3 (Groundball, 4)
Batting: RHB José Aguilera 0-0: Swinging Strike
0-1: Swinging Strike
0-2: Ball
1-2: Fly out, F7 (Flyball, 7LD)
Batting: RHB Pepe Carrasco 0-0: Ball
1-0: Fly out, F7 (Flyball, 78M)
Top of the 5th over - 0 run(s), 0 hit(s), 0 error(s), 0 left on base; New York 2 - Orlando 2
BOTTOM OF THE 5TH
Orlando Calrissian batting - Pitching for New York Knights : RHP Dale Reese
Batting: RHB Enrique Bermúdez 0-0: Called Strike
0-1: Ball
1-1: Foul Ball, location: 2F
1-2: Strikes out swinging
Batting: LHB Danny Allen 0-0: Fly out, F8 (Popup, 8LS)
Batting: SHB Tim Abbott 0-0: Ball
1-0: Ground out U3 (Groundball, 3L)
Bottom of the 5th over - 0 run(s), 0 hit(s), 0 error(s), 0 left on base; New York 2 - Orlando 2
TOP OF THE 6TH
New York Knights batting - Pitching for Orlando Calrissian : RHP Reagan Wear
Batting: LHB Troy Donaldson 0-0: DOUBLE (Line Drive, 3D)
Batting: SHB Marvin Harris 0-0: Intentional Walk
Batting: LHB Tom Waller 0-0: Swinging Strike
0-1: Foul Ball, location: 2F
0-2: Ball
1-2: Ball
2-2: Ball
3-2: Strikes out swinging
Batting: RHB Sixto Vélez 0-0: Ball
1-0: Ball
2-0: Foul Ball, location: 2F
2-1: Ball
3-1: Foul Ball, location: 2F
3-2: Foul Ball, location: 2F
3-2: Foul Ball, location: 2F
3-2: Strikes out swinging
Batting: LHB Arthur Hall 0-0: Swinging Strike
0-1: Foul Ball, location: 2F
0-2: Ball
1-2: Ground out 5-3 (Groundball, 56)
Top of the 6th over - 0 run(s), 1 hit(s), 0 error(s), 2 left on base; New York 2 - Orlando 2
BOTTOM OF THE 6TH
Orlando Calrissian batting - Pitching for New York Knights : RHP Dale Reese
Batting: LHB Santiago Márquez 0-0: Ground out 6-3 (Groundball, 6M)
Batting: RHB Rich Anderson 0-0: Called Strike
0-1: Ball
1-1: Fly out, F7 (Line Drive, 78S)
Batting: LHB Juan Colón 0-0: Ball
1-0: Fly out, F9 (Flyball, 89D)
Bottom of the 6th over - 0 run(s), 0 hit(s), 0 error(s), 0 left on base; New York 2 - Orlando 2
TOP OF THE 7TH
New York Knights batting - Pitching for Orlando Calrissian : RHP Reagan Wear
Batting: RHB Lonnie Anderson 0-0: Called Strike
0-1: Called Strike
0-2: Ball
1-2: Ball
2-2: SINGLE (Groundball, 6MD)
Batting: RHB Yasuhiko Sumita 0-0: Ball
1-0: Ball
2-0: Fly out, F6 (Popup, 6MD)
Pinch Hitting: LHB Pablo Rivas 0-0: Ball
1-0: Ball
2-0: SINGLE (Line Drive, 8LS)
Lonnie Anderson to second
Batting: RHB Pepe Carrasco 0-0: Ball
1-0: Called Strike
1-1: Ball
2-1: Foul Ball, location: 2F
2-2: Fly out, F7 (Flyball, 7D)
Runner from 2nd tags up, SAFE at 3rd, no throw
Batting: LHB Troy Donaldson 0-0: Swinging Strike
0-1: Fly out, F7 (Flyball, 7M)
Top of the 7th over - 0 run(s), 2 hit(s), 0 error(s), 2 left on base; New York 2 - Orlando 2
BOTTOM OF THE 7TH
Orlando Calrissian batting - Pitching for New York Knights : RHP Dale Reese
Now in RF: Pablo Rivas
Batting: RHB Kenny Cole 0-0: Ground out 6-3 (Groundball, 6)
Batting: RHB Frederico Hernández 0-0: Foul Ball, location: 2F
0-1: Ball
1-1: Ball
2-1: Ball
3-1: DOUBLE (Line Drive, 5L)
Batting: RHB Robby Lewis 0-0: Ground out 5-3 (Groundball, 5)
Pinch Hitting: RHB Raúl Canó 0-0: Ball
1-0: Foul Ball, location: 2F
1-1: Called Strike
1-2: Strikes out swinging
Bottom of the 7th over - 0 run(s), 1 hit(s), 0 error(s), 1 left on base; New York 2 - Orlando 2
TOP OF THE 8TH
New York Knights batting - Pitching for Orlando Calrissian : RHP Reagan Wear
Now at 2B: Enrique Ramírez
Batting: SHB Marvin Harris 0-0: Called Strike
0-1: Ball
1-1: Called Strike
1-2: Strikes out swinging
Pitching: LHP Richard Dorris
Batting: LHB Tom Waller 0-0: SINGLE (Line Drive, 8LS)
Batting: RHB Sixto Vélez 0-0: Swinging Strike
0-1: Ball
1-1: Foul Ball, location: 2F
1-2: Ground out 4-3 (Groundball, 4M)
Tom Waller to second
Pitching: RHP Bernardo Hernández
Batting: LHB Arthur Hall 0-0: Called Strike
0-1: Ball
1-1: Called Strike
1-2: Ground out 6-3 (Groundball, 6MS)
Top of the 8th over - 0 run(s), 1 hit(s), 0 error(s), 1 left on base; New York 2 - Orlando 2
BOTTOM OF THE 8TH
Orlando Calrissian batting - Pitching for New York Knights : RHP Dale Reese
Batting: LHB Danny Allen 0-0: Called Strike
0-1: Foul Ball, location: 2F
0-2: Foul Ball, location: 2F
0-2: Ball
1-2: Ball
2-2: Ball
3-2: SINGLE (Line Drive, 4MD)
Batting: SHB Tim Abbott 0-0: Ball
1-0: Bunt missed!
1-1: Sac Bunt - play at first, batter OUT! U3
Danny Allen to second
Batting: LHB Santiago Márquez 0-0: Foul Ball, location: 2F
0-1: Called Strike
0-2: Ball
1-2: Ball
2-2: Ball
3-2: Ground out 4-3 (Groundball, 4)
Danny Allen to third
Batting: RHB Rich Anderson 0-0: Ball
1-0: Called Strike
1-1: Called Strike
1-2: DOUBLE (Flyball, 7D)
Danny Allen scores
Pitching: RHP António Sánchez
Batting: LHB Juan Colón 0-0: Ball
1-0: Ball
2-0: Called Strike
2-1: Ball
3-1: Fly out, F5 (Popup, 5SF)
Bottom of the 8th over - 1 run(s), 2 hit(s), 0 error(s), 1 left on base; New York 2 - Orlando 3
TOP OF THE 9TH
New York Knights batting - Pitching for Orlando Calrissian : RHP Bernardo Hernández
Pitching: RHP Dave Heath
Batting: RHB Lonnie Anderson 0-0: Called Strike
0-1: Ball
1-1: Foul Ball, location: 2F
1-2: SINGLE (Line Drive, 4MD)
Pinch Hitting: LHB Vincente Sáenz 0-0: Ball
1-0: Called Strike
1-1: Foul Ball, location: 2F
1-2: Ball
2-2: Ground out 4-3 (Groundball, 4M)
Lonnie Anderson to second
Batting: LHB Pablo Rivas 0-0: Foul Ball, location: 2F
0-1: 2-RUN HOME RUN (Line Drive, 8LXD), Distance : 395 ft
Batting: RHB Pepe Carrasco 0-0: Ball
1-0: Ball
2-0: Ball
3-0: Base on Balls
Pitching: LHP José Ramírez
Batting: LHB Troy Donaldson 0-0: Foul Ball, location: 2F
0-1: Ground out 3-1 (Groundball, 34)
Pepe Carrasco to second
Pinch Hitting: RHB Cheng-ho Qiao 0-0: Ball
1-0: DOUBLE (Flyball, 8LXD)
Pepe Carrasco scores
Pitching: LHP Clarence Skerratt
Batting: LHB Tom Waller 0-0: Fly out, F7 (Flyball, 7LD)
Top of the 9th over - 3 run(s), 3 hit(s), 0 error(s), 1 left on base; New York 5 - Orlando 3
BOTTOM OF THE 9TH
Orlando Calrissian batting - Pitching for New York Knights : RHP António Sánchez
Pitching: RHP Paco Ruíz
Now at C: Andrew Good
Now at 1B: Vincente Sáenz
Batting: RHB Kenny Cole 0-0: Ball
1-0: Called Strike
1-1: Foul Ball, location: 2F
1-2: Ball
2-2: DOUBLE (Line Drive, 5D)
Batting: RHB Frederico Hernández 0-0: Called Strike
0-1: Ground out 1-3 (Groundball, 15S)
Batting: RHB Robby Lewis 0-0: Called Strike
0-1: Foul Ball, location: 2F
0-2: Ball
1-2: Ball
2-2: Foul Ball, location: 2F
2-2: Foul Ball, location: 2F
2-2: Foul Ball, location: 2F
2-2: DOUBLE (Flyball, 9LM)
Kenny Cole scores
Batting: RHB Enrique Ramírez 0-0: Called Strike
0-1: Ball
1-1: Ball
2-1: Swinging Strike
2-2: Foul Ball, location: 2F
2-2: Ground out 5-3 (Groundball, 56)
Batting: LHB Danny Allen 0-0: Called Strike
0-1: Ball
1-1: Ball
2-1: Ground out 4-3 (Groundball, 4)
Bottom of the 9th over - 1 run(s), 2 hit(s), 0 error(s), 1 left on base; New York 5 - Orlando 4
Monday, December 5th, 2016 - OOTP Baseball 17.12 Build 75